 Dungeon Sprint DCSS version 0.29.1-12-g30fa7ad0bf (webtiles) character file.

Game seed: 2261074179585959809

4 boopmooplesden the Trooper (level 1, 0/22 HPs)
             Began as a Minotaur Berserker on Dec 12, 2022.
             Was a Believer of Trog.
             Slain by a quokka (3 damage)
             ... in the Dungeon (Sprint IX: "|||||||||||||||||||||||||||||").
             The game lasted 00:00:02 (15 turns).

boopmooplesden the Trooper (Minotaur Berserker)       Turns: 15, Time: 00:00:03

Health: 0/22       AC:  2    Str: 21    XL:     1   Next: 50%
Magic:  0/0        EV: 12    Int:  4    God:    Trog [**....]
Gold:   0          SH:  0    Dex:  9    Spells: 0/0 levels left

rFire   . . .      SeeInvis .   a - +0 falchion
rCold   . . .      Faith    .   (no shield)
rNeg    . . .      Spirit   .   b - +0 animal skin
rPois   .          Reflect  .   (helmet restricted)
rElec   .          Harm     .   (no cloak)
rCorr   .          Rampage  .   (no gloves)
Will    .....      NoTele   +   (no boots)
Stlth   +.........              (no amulet)
HPRegen 0.07/turn               (no ring)
MPRegen 0.07/turn               (no ring)

@: no status effects
A: horns 2, retaliatory headbutt
a: Renounce Religion, Berserk, Trog's Hand


You were in the Dungeon.
You worshipped Trog.
Trog was pleased with you.
You visited 1 branch

Inventory:

Hand Weapons
 a - a +0 falchion (weapon)
Armour
 b - a +0 animal skin (worn)
Scrolls
 h - a scroll of blinking
Potions
 c - a potion of curing
 d - a potion of heal wounds
 e - a potion of haste
 f - 2 potions of magic
 g - a potion of berserk rage


   Skills:
 + Level 4.3 Fighting
 + Level 4.3 Long Blades
 + Level 2.6 Armour
 + Level 2.4 Dodging


You couldn't memorise any spells.
You didn't know any spells.
Your spell library was empty.

Dungeon Overview and Level Annotations

Branches:
Dungeon (1/1)

Altars:


Innate Abilities, Weirdness & Mutations

You have a pair of horns on your head.
You reflexively headbutt those who attack you in melee.


Message History

The goblin shouts!
The endoplasm quivers.
The kobold shouts!
You hit the endoplasm.
The endoplasm is almost dead.
The endoplasm freezes you.
You are frozen.
You hit the endoplasm but do no damage.
The endoplasm is almost dead.
The endoplasm hits you.
You hit the endoplasm.
You kill the endoplasm!
Trog accepts your kill.
Your Fighting skill increases to level 4!
Your Long Blades skill increases to level 4!
You barely miss the goblin. The goblin barely misses you.
You closely miss the goblin. The goblin barely misses you.
You miss the goblin. The goblin hits you with a +0 dagger.
You hit the goblin but do no damage. You headbutt the goblin.
You kill the goblin!
Trog accepts your kill.
The kobold throws a stone.
The stone hits you but does no damage. The kobold barely misses you.
The endoplasm jiggles.
There is an open door to the Dungeon here.
You see here a +0 dagger.
You hit the kobold but do no damage. Your headbutt misses the kobold.
Your punch misses the kobold. The kobold hits you with a +0 club.
You hit the kobold but do no damage. Your headbutt misses the kobold.
The kobold hits you with a +0 club.
* * * LOW HITPOINT WARNING * * *
The kobold hits you with a +0 club.
* * * LOW HITPOINT WARNING * * *
You hit the kobold. You headbutt the kobold.
You kill the kobold!
Trog accepts your kill.
You can now call upon Trog for regeneration and willpower.
The quokka misses you.
You barely miss the quokka. The quokka bites you.
You die...

▓▓▓
▓<▓
▓.▓
▓.▓
▓.▓
▓@▓
▓r▓
▓J▓
▓.▓
▓.▓
▓.▓
▓+▓


You could see an endoplasm and a quokka.

Vanquished Creatures
  An endoplasm (D)
  A goblin (D)
  A kobold (D)
3 creatures vanquished.

Notes
Turn   | Place    | Note
-------+----------+-------------------------------------------
     0 | D        | boopmooplesden the Minotaur Berserker began the quest for
                  | the Orb.
     0 | D        | Reached XP level 1. HP: 19/19 MP: 0/0
    14 | D        | Reached ** piety under Trog
    15 | D        | Slain by a quokka

Illustrated notes

Levels and vault maps discovered:
D:        linesprint [early_d, line_temple, items_1, d_10, items_2, lair_1,
          lair_end, items_3, orc_1, orc_end, items_4, d_15, swamp_1, shoals_1,
          snake_1, spider_1, d_20, vaults_1, items_5, swamp_end, shoals_end,
          snake_end, spider_end, vaults_end, d_27, items_6, zot_1, zot_end,
          crypt_end, forest_end, elf_end, slime_end, tomb_end, abyss_end,
          pan_hell_end]

Skill      XL: |  1 |
---------------+----+-----
Fighting       | 4 |  4.3
Long Blades    | 4 |  4.3
Armour         | |  2.6
Dodging        | |  2.4

Action                   || total
-------------------------++-------
Melee: Falchion          ||    11
       Headbutt          ||     2
Armor: Animal skin       ||     1
Dodge: Dodged            ||     4
